 Dungeon Crawl Stone Soup version 0.29.1-13-g9f3cf754e1 (webtiles) character file.

Game seed: 2048807748864717687

11190 venomsnake the Thrower (level 11, -20/68 HPs)
             Began as a Deep Elf Conjurer on Jan 20, 2023.
             Was a Believer of Vehumet.
             Demolished by a death yak (26 damage)
             ... on level 9 of the Dungeon.
             The game lasted 01:00:55 (18337 turns).

venomsnake the Thrower (Deep Elf Conjurer)         Turns: 18337, Time: 01:00:56

Health: -20/68     AC:  4    Str:  4    XL:     11   Next: 46%
Magic:  1/25       EV: 12    Int: 28    God:    Vehumet [**....]
Gold:   349        SH:  0    Dex: 13    Spells: 19/26 levels left

rFire   . . .      SeeInvis .   i - +1 short sword (elec)
rCold   . . .      Faith    .   (no shield)
rNeg    . . .      Spirit   .   a - +0 robe
rPois   .          Reflect  .   (no helmet)
rElec   .          Harm     .   (no cloak)
rCorr   .          Rampage  .   (no gloves)
Will    +....                   B - +1 pair of boots
Stlth   ++........              l - amulet of regeneration
HPRegen 1.01/turn               (no ring)
MPRegen 0.19/turn               (no ring)

@: studying 2 skills
A: no striking features
a: Renounce Religion


You were on level 9 of the Dungeon.
You worshipped Vehumet.
Vehumet was pleased with you.
You visited 2 branches of the dungeon, and saw 11 of its levels.

You collected 491 gold pieces.
You spent 142 gold pieces at shops.

Inventory:

Hand Weapons
 i - a +1 short sword of electrocution (weapon)
Missiles
 h - a throwing net
Armour
 a - a +0 robe (worn)
 B - a +1 pair of boots (worn)
Magical Staves
 u - a staff of conjuration
Jewellery
 l - an amulet of regeneration (around neck)
Wands
 n - a wand of flame (53)
 v - a wand of polymorph (2)
 w - a wand of mindburst (12)
 C - a wand of paralysis (6)
Scrolls
 b - a scroll of enchant weapon {unknown}
 d - 4 scrolls of amnesia
 k - a scroll of immolation
 m - 2 scrolls of teleportation {unknown}
 o - 2 scrolls of vulnerability {unknown}
 p - a scroll of fear
 q - 2 scrolls of poison
 x - 6 scrolls of identify
 z - 2 scrolls of torment
 A - 2 scrolls of noise {unknown}
 E - 2 scrolls of silence {unknown}
Potions
 c - 2 potions of heal wounds
 e - 7 potions of curing
 f - 3 potions of ambrosia {unknown}
 g - 3 potions of degeneration
 j - 2 potions of mutation {unknown}
 r - 3 potions of attraction
 s - 2 potions of berserk rage {unknown}
 t - 3 potions of flight
 D - a potion of invisibility
 F - a potion of lignification {unknown}


   Skills:
 - Level 8.0 Fighting
 - Level 8.5 Short Blades
 + Level 9.3 Throwing
 - Level 2.4 Dodging
 - Level 2.4 Stealth
 - Level 8.0 Spellcasting
 - Level 8.7 Conjurations
 - Level 8.0 Translocations


You had 19 spell levels left.
You knew the following spells:

 Your Spells              Type           Power      Damage    Failure   Level
a - Magic Dart            Conj           100%       1d8       1%          1
b - Searing Ray           Conj           100%       2d8       1%          2
c - Iskenderun's Mystic   Conj/Tloc      55%        2d12      1%          4

Your spell library contained the following spells:

 Spells                   Type           Power      Damage    Failure   Level
 Ignite Poison            Fire/Tmut/Pois 11%        N/A       14%         3
 Apportation              Tloc           100%       N/A       1%          1
 Foxfire                  Conj/Fire      100%       2x1d9     1%          1
 Gell's Gravitas          Tloc           54%        N/A       1%          3
 Lesser Beckoning         Tloc           54%        N/A       1%          3
 Teleport Other           Tloc           54%        N/A       1%          3
 Conjure Flame            Conj/Fire      35%        6-21      2%          3
 Dazzling Flash           Conj/Hex       70%        N/A       2%          3
 Freeze                   Ice            44%        1d6       4%          1
 Necrotise                Necr           44%        1d6       4%          1
 Summon Small Mammal      Summ           44%        N/A       4%          1
 Scorch                   Fire           22%        2d6       8%          2
 Flame Wave               Conj/Fire      35%        2d10      9%          4
 Fulminant Prism          Conj/Hex       17%        3d11      9%          4
 Hailstorm                Conj/Ice       35%        3d9       9%          4
 Frozen Ramparts          Ice            22%        1d4       14%         3
 Inner Flame              Hex/Fire       11%        N/A       14%         3
 Lee's Rapid Deconstruct  Erth           5%         3d7*      80%         5
 Summon Cactus Giant      Summ           5%         N/A       100%        6


Dungeon Overview and Level Annotations

Branches:
Dungeon (10/15)            Temple (1/1) D:5            Lair (0/5) D:10
    Orc (0/2) D:9

Altars:
Ashenzari
Cheibriados
Dithmenos
Elyvilon
Fedhas
Gozag
Hepliaklqana
Kikubaaqudgha
Makhleb
Nemelex Xobeh
Okawaru
Qazlal
Ru
Sif Muna
Trog
Uskayaw
Vehumet
Wu Jian
Xom
Yredelemnul
Zin
The Shining One

Shops:
D:9 ?   D:10 *

Annotations:
D:6 2 runed translucent doors, kingofthe's ghost, novice DECj


Message History

You feel a surge of power!
You erupt in a blast of force!
The mystic blast hits the death yak!
The death yak is almost dead.
The death yak is knocked back by the mystic blast.
Casting: Iskenderun's Mystic Blast (dangerous; 1% risk of failure)
Confirm with . or Enter, or press ? or * to list all spells.
You don't have enough magic to cast this spell.
Casting: Iskenderun's Mystic Blast (dangerous; 1% risk of failure)
Confirm with . or Enter, or press ? or * to list all spells.
Aiming: Searing Ray (safe; 1% risk of failure)
Press: ? - help, Shift-Dir - straight line, f/p - death yak
Aim: a death yak (almost dead, 94% to hit)
You feel a surge of power!
The searing ray hits the death yak.
The death yak is almost dead. (Press . to maintain the ray.)
Casting: Searing Ray (safe; 1% risk of failure)
Confirm with . or Enter, or press ? or * to list all spells.
You don't have enough magic to cast this spell.
Okay, then.
You hear the crackle of electricity.
i - a +1 short sword of electrocution (weapon)
The death yak gores you!
You hit the death yak.
The death yak is almost dead.
The death yak gores you!
You hit the death yak.
The death yak is almost dead.
The death yak barely misses you. The death yak closely misses you.
You hit the death yak but do no damage.
The death yak is almost dead.
The death yak gores you!
* * * LOW HITPOINT WARNING * * *
You hit the death yak but do no damage.
The death yak is almost dead.
The death yak gores you!
* * * LOW HITPOINT WARNING * * *
You hit the death yak but do no damage.
The death yak is almost dead.
The death yak gores you!!
You die...

#################### ###
#............(.....# #.#
#......@...........##### ####.#
#.....YY..)............#
.....#####......................#
................................#
.................###............#
.................#.######)......#
.................#......+.......#
................##......#......(#
................#.......#.......#


You could see 2 death yaks.

Vanquished Creatures
  2 death yaks
  A two-headed ogre (D:9)
  An unseen horror (D:10)
  3 trolls
  Prince Ribbit (D:9)
  Sigmund (D:5)
  Eustachio (D:5)
  17 yaks
  3 wraiths
  2 steam dragons
  Menkaure (D:4)
  Edmund (D:4)
  An acid dragon (D:8)
  Duvessa (D:5)
  2 water moccasins
  9 orc warriors
  A sky beast (D:7)
  An ice beast (D:5)
  2 black bears
  4 centaurs
  An ogre (D:6)
  A phantom (D:6)
  2 kobold brigands
  2 bullfrogs (D:7)
  2 scorpions
  4 wights (D:7)
  Dowan (D:5)
  11 killer bees
  6 howler monkeys
  3 electric eels (D:9)
  A jelly (D:7)
  8 orc priests
  5 hounds
  Ijyb (D:4)
  3 iguanas
  14 orc wizards
  9 gnolls
  6 adders
  2 shadow imps
  A white imp (D:8)
  An ufetubus (D:5)
  2 worms (D:2)
  3 dart slugs
  44 orcs
  8 endoplasms
  6 giant cockroaches
  6 hobgoblins
  8 kobolds
  7 quokkas
  9 ball pythons
  9 bats
  A frilled lizard (D:1)
  8 goblins
  6 rats
256 creatures vanquished.

Vanquished Creatures (others)
  45 plants (D:5)
45 creatures vanquished.

Grand Total: 301 creatures vanquished

Notes
Turn   | Place    | Note
-------+----------+-------------------------------------------
     0 | D:1      | venomsnake the Deep Elf Conjurer began the quest for the
                  | Orb.
     0 | D:1      | Reached XP level 1. HP: 10/10 MP: 6/6
   279 | D:1      | Reached skill level 1 in Translocations
   279 | D:1      | Reached XP level 2. HP: 15/15 MP: 5/8
   349 | D:1      | Learned a level 2 spell: Searing Ray
   503 | D:1      | Found a faded altar of an unknown god.
   937 | D:1      | Reached XP level 3. HP: 19/19 MP: 7/10
  1074 | D:1      | Found Noidudd Amer's Antique Weapon Shop.
  1402 | D:2      | Reached skill level 5 in Conjurations
  1495 | D:2      | Reached XP level 4. HP: 24/24 MP: 8/12
  2357 | D:3      | Reached XP level 5. HP: 28/28 MP: 10/14
  2490 | D:3      | Identified the +0 pair of gloves "Laxifrest" {Rampage
                  | Stlth+}
  2841 | D:3      | Found a sacrificial altar of Ru.
  2841 | D:3      | Found a burning altar of Makhleb.
  3147 | D:4      | Reached skill level 5 in Spellcasting
  3209 | D:4      | Noticed Ijyb
  3246 | D:4      | Killed Ijyb
  3362 | D:4      | Noticed Edmund
  3503 | D:4      | Reached XP level 6. HP: 23/32 MP: 8/16
  3959 | D:4      | Noticed Menkaure
  3974 | D:4      | Killed Menkaure
  4289 | D:4      | Killed Edmund
  4290 | D:4      | Reached XP level 7. HP: 5/36 MP: 1/19
  4475 | D:5      | Entered Level 5 of the Dungeon
  4637 | D:5      | Noticed Duvessa
  4637 | D:5      | Noticed Dowan
  4671 | D:5      | Killed Duvessa
  4777 | D:5      | Killed Dowan
  5021 | D:5      | Found a staircase to the Ecumenical Temple.
  5088 | Temple   | Entered the Ecumenical Temple
  5282 | Temple   | Became a worshipper of Vehumet
  5379 | D:5      | Noticed Sigmund
  5384 | D:5      | Killed Sigmund
  5385 | D:5      | Reached skill level 1 in Short Blades
  5385 | D:5      | Reached XP level 8. HP: 41/41 MP: 15/22
  5694 | D:5      | Noticed Eustachio
  5705 | D:5      | Killed Eustachio
  6206 | D:5      | Learned a level 4 spell: Iskenderun's Mystic Blast
  6677 | D:6      | Reached skill level 5 in Short Blades
  6987 | D:6      | Found an opulent altar of Gozag.
  7047 | D:6      | Found a large runed translucent door.
  7049 | D:6      | Found a large runed translucent door.
  7052 | D:6      | Noticed kingofthe's ghost (novice DECj)
  7470 | D:6      | Reached XP level 9. HP: 45/45 MP: 12/23
  7662 | D:6      | Noticed a troll
  7772 | D:6      | Killed a troll
  8406 | D:6      | Reached skill level 1 in Throwing
  8719 | D:7      | Reached skill level 1 in Fighting
  8724 | D:7      | Reached * piety under Vehumet
  8724 | D:7      | Offered knowledge of Shock by Vehumet.
  9959 | D:7      | Reached skill level 2 in Throwing
 10198 | D:7      | Reached skill level 5 in Translocations
 10740 | D:7      | Reached skill level 3 in Throwing
 11665 | D:8      | Reached XP level 10. HP: 50/51 MP: 9/24
 12093 | D:8      | Reached skill level 4 in Throwing
 13018 | D:8      | Reached skill level 5 in Fighting
 13220 | D:8      | Found a shadowy altar of Dithmenos.
 13246 | D:8      | Found a snail-covered altar of Cheibriados.
 13513 | D:9      | Found Oneadil's Magic Scroll Boutique.
 13518 | D:9      | Bought a scroll of blinking for 112 gold pieces
 13518 | D:9      | Bought a scroll of identify for 30 gold pieces
 13538 | D:9      | Noticed a two-headed ogre
 13831 | D:9      | Reached skill level 5 in Throwing
 14119 | D:9      | Noticed Prince Ribbit
 14131 | D:9      | Killed Prince Ribbit
 14929 | D:9      | Reached ** piety under Vehumet
 14929 | D:9      | Offered knowledge of Poisonous Vapours by Vehumet.
 15241 | D:9      | Killed a two-headed ogre
 15242 | D:9      | Reached skill level 6 in Throwing
 15801 | D:9      | Reached XP level 11. HP: 67/67 MP: 12/25
 16476 | D:9      | Found a staircase to the Orcish Mines.
 16538 | D:10     | Entered Level 10 of the Dungeon
 16538 | D:10     | Noticed a death yak
 16538 | D:10     | Found Moicsyng's Assorted Antiques.
 16539 | D:10     | Noticed a death yak
 16548 | D:10     | Noticed a death yak
 16548 | D:10     | Noticed a death yak
 16549 | D:10     | Noticed a death yak
 16562 | D:9      | Killed a death yak
 16563 | D:9      | Reached skill level 7 in Throwing
 16766 | D:10     | Reached skill level 8 in Throwing
 17260 | D:10     | Found a staircase to the Lair.
 17285 | D:10     | Offered knowledge of Ignite Poison by Vehumet.
 17340 | D:10     | Found a shimmering blue altar of Sif Muna.
 17608 | D:10     | Identified the +7 flail of Nogugis {drain, *Slow rC- rN+++
                  | Str+4}
 17882 | D:10     | Killed a death yak
 17883 | D:10     | Reached skill level 9 in Throwing
 18337 | D:9      | Demolished by a death yak

Illustrated notes

Levels and vault maps discovered:
D:1:      sevenhm_arrival_forest_fort_large_4, layout_basic,
          ebering_ecumenical_altar_box, serial_shops, nicolae_lakefront_shop,
          minmay_misc_feat_alley
D:2:      layout_rooms, minmay_hexomino_p4
D:3:      layout_loops_ring, gammafunk_temple_overflow_pools
D:4:      layout_basic, uniq_edmund, uniq_ijyb, uniq_menkaure
D:5:      layout_basic, lemuel_temple_firewalk_a, serial_bayou,
          serial_bayou_crossing, serial_bayou_lagoon_a, serial_bayou_pond_d,
          serial_bayou_pond_d, serial_bayou_lake_a, serial_bayou_lagoon_b,
          uniq_eustachio, uniq_duvessa, uniq_sigmund
D:6:      layout_basic, mainiacjoe_overflow_boulevard, gup_sewer_entry_glass,
          ebering_ghost_disaster_area, minmay_manual_moon
D:7:      layout_basic, minmay_manual_monstrance
D:8:      layout_basic, mainiacjoe_overflow_two_lobes
D:9:      layout_irregular_city, erik_orc_2, serial_shops, shop,
          uniq_prince_ribbit1
D:10:     layout_roguey, mainiacjoe_overflow_catwalk, dpeg_lair_monsters,
          serial_shops, nicolae_shop_statue_plus
Temple:   eino_temple_scatter_basement

Skill      XL: |  1  2  3  4  5  6  7  8  9 10 11 |
---------------+----------------------------------+-----
Translocations | 1 2 3 4 5 8 |  8.0
Spellcasting   | 4 5 6 8 |  8.0
Conjurations   | 5 6 8 |  8.7
Short Blades   | 1 7 8 |  8.5
Throwing       | 3 6 9 |  9.3
Fighting       | 3 7 8 |  8.0
Dodging        | |  2.4
Stealth        | |  2.4

Action                   |  1- 3 |  4- 6 |  7- 9 | 10-12 || total
-------------------------+-------+-------+-------+-------++-------
Melee: Staff             |       |       |     1 |    16 ||    17
       Short sword       |       |       |       |     5 ||     5
 Cast: Magic Dart        |    62 |   119 |   102 |   206 ||   489
       Searing Ray       |     8 |    34 |    82 |    70 ||   194
       Iskenderun's Myst |       |       |    51 |   106 ||   157
  Use: Scroll            |       |       |     5 |     8 ||    13
       Potion            |       |       |     2 |     8 ||    10
Armor: Robe              |       |     2 |     7 |    26 ||    35
Dodge: Dodged            |     4 |    19 |    47 |    49 ||   119
